 Dungeon Crawl Stone Soup version 0.18-a0-900-gbbf5c82 (webtiles) character file.

52 filipzpl the Skirmisher (level 3, -15/24 HPs)
             Began as a Gargoyle Berserker on Dec 24, 2015.
             Was a Believer of Trog.
             Demolished by an ogre
             ... wielding a +0 giant club
              (25 damage)
             ... on level 3 of the Dungeon.
             The game lasted 00:04:17 (1842 turns).

filipzpl the Skirmisher (Gargoyle Berserker)        Turns: 1842, Time: 00:04:17

Health: -15/24     AC: 11    Str: 21    XL:     3   Next: 85%
Magic:  3/3        EV:  3    Int:  7    God:    Trog [**....]
Gold:   142        SH:  0    Dex:  9    Spells: 0 memorised, 2 levels left

rFire  . . .     SeeInvis .     a - +0 mace
rCold  . . .     Gourm    .     h - +0 chain mail
rNeg   + . .     Faith    .     (no shield)
rPois  ∞         Spirit   .     (no helmet)
rElec  +         Dismiss  .     (no cloak)
rCorr  .         Reflect  .     (no gloves)
SustAt .         Harm     .     (no boots)
MR     .....                    (no amulet)
Stlth  ..........               (no ring)
                                (no ring)

@: not resistant to hostile enchantments, extremely unstealthy
A: negative energy resistance 1, electricity resistance, unbreathing,
petrification resistance, rot immunity, AC +3
a: Berserk, Trog's Hand, Burn Spellbooks, Renounce Religion


You were on level 3 of the Dungeon.
You worshipped Trog.
Trog was pleased with you.
You were not hungry.

You visited 1 branch of the dungeon, and saw 3 of its levels.

You collected 142 gold pieces.

Inventory:

Hand Weapons
 a - a +0 mace (weapon)
Armour
 h - a +0 chain mail (worn)
Scrolls
 b - a scroll of fog {unknown}
 d - 3 scrolls of identify {unknown}
 g - a scroll of noise {unknown}
 m - a scroll of blinking {unknown}
Potions
 e - a potion of might {unknown}
 i - a potion of agility {unknown}
 j - 2 potions of lignification {unknown}
 k - a potion of resistance {unknown}
 l - 2 potions of poison {unknown}
 n - a potion of brilliance {unknown}
 o - a potion of heal wounds {unknown}
Comestibles
 c - a bread ration
 f - a meat ration
 p - a beef jerky


   Skills:
 * Level 4.3 Fighting
 * Level 3.8 Maces & Flails
 - Level 2.1 Armour
 - Level 1.5 Dodging


You had 2 spell levels left.
You didn't know any spells.

Dungeon Overview and Level Annotations

Branches:
Dungeon (3/15)

Altars:
Kikubaaqudgha


Innate Abilities, Weirdness & Mutations

You are resistant to torment.
Your stone body is resilient (AC +3).
You are immune to poison.
You resist negative energy.
You are resistant to electric shocks.
You can survive without breathing.
You are immune to petrification.
You are immune to rotting.


Message History

Found a stone staircase leading up.
You hit the ogre.
The ogre is lightly wounded.
The ogre hits you with a giant club!!
Ouch! That really hurt!
* * * LOW HITPOINT WARNING * * *
An adder comes into view.
You are too injured to fight recklessly!
You are too injured to fight recklessly!
You are too injured to fight recklessly!
You are too injured to fight recklessly!
You are too injured to fight recklessly!
You hear the rusting of a distant drain.
There is an escape hatch in the floor here.
You see here a club.
There is a stone staircase leading up here.
You hear the brisk rusting of a distant drain.
The ogre hits you with a giant club!!
Ouch! That really hurt!
You die...

#####################
#...@................
#######
#.#)O....<...########
###.....###.#.........(#
#...###..##.#..........#
#...# #.>.#.#..........#
###.###...#............#
###..........###.......#
#............# #.......##
#.#######.#..###.......(#


You could see an ogre.

Vanquished Creatures
  An adder (D:3)
  A worm (D:2)
  2 giant geckos (D:1)
  3 giant cockroaches
  7 hobgoblins
  5 kobolds (D:1)
  A ball python (D:2)
  5 bats
  2 giant newts
  8 goblins
  10 rats
45 creatures vanquished.

Notes
Turn   | Place    | Note
--------------------------------------------------------------
     0 | D:1      | filipzpl the Gargoyle Berserker began the quest for the Orb.
     0 | D:1      | Reached XP level 1. HP: 14/14 MP: 1/1
   120 | D:1      | Reached XP level 2. HP: 16/19 MP: 2/2
   316 | D:1      | Reached skill level 4 in Fighting
   333 | D:1      | Reached ** piety under Trog
   491 | D:1      | Reached XP level 3. HP: 24/24 MP: 3/3
  1377 | D:2      | Found an ancient bone altar of Kikubaaqudgha.
  1771 | D:3      | Noticed an ogre
  1842 | D:3      | Demolished by an ogre

Vault maps used:
D:1:      dpeg_arrival_ratfight, st_stairs_4
D:2:      kiku_gazebo_garden_becter, hangedman_decor_lopped, grunt_ministairs_4
D:3:      nicolae_overflow_crystal_walls, tso_oasis_becter,
          portal_sewer_entry_f, uniq_crazy_yiuf_cottage, uniq_iyjb

Action                   || total
-------------------------++-------
Melee: Mace              ||   144
  Eat: Bread ration      ||     1
